 Dungeon Crawl Stone Soup version 0.25-a0-10-g2fe12d4386 (webtiles) character file.

Game seed: 9452541200157048312, levelgen mode: deterministic

3 Kohma the Sneak (level 1, 0/9 HPs)
             Began as a Spriggan Enchanter on Oct 15, 2019.
             Slain by a jackal (1 damage)
             ... on level 1 of the Dungeon.
             The game lasted 00:00:50 (87 turns).

Kohma the Sneak (Spriggan Enchanter)                  Turns: 87, Time: 00:00:50

Health: 0/9        AC:  2    Str:  4    XL:     1   Next: 41%
Magic:  5/5        EV: 18    Int: 16    God:
Gold:   0          SH:  0    Dex: 16    Spells: 4/5 levels left

rFire    . . .     SeeInvis +   a - +1 dagger
rCold    . . .     Gourm    .   (shield restricted)
rNeg     . . .     Faith    .   b - +0 robe
rPois    .         Spirit   .   (helmet restricted)
rElec    .         Reflect  .   (no cloak)
rCorr    .         Harm     .   (gloves unavailable)
MR       .....                  (boots unavailable)
Stlth    +++.......             (no amulet)
HPRegen  0.03/turn              (no ring)
MPRegen  0.09/turn              (no ring)

@: very quick
A: very small, unfitting armour, see invisible, herbivore, speed 3, slow
metabolism 2
a: no special abilities


You were on level 1 of the Dungeon.
You were not hungry.

You visited 1 branch of the dungeon, and saw 1 of its levels.

Inventory:

Hand Weapons
 a - a +1 dagger (weapon)
Armour
 b - a +0 robe (worn)
Potions
 c - a potion of might {unknown}
Comestibles
 d - a ration


   Skills:
 + Level 1.2 Short Blades
 + Level 3.1 Dodging
 + Level 4.5 Stealth
 + Level 2.7 Spellcasting
 + Level 3.7 Hexes


You had 4 spell levels left.
You knew the following spells:

 Your Spells              Type           Power        Failure   Level  Hunger
a - Corona                Hex            ##.....      4%          1    #......

Your spell library contained the following spells:

 Spells                   Type           Power        Failure   Level  Hunger
 Confuse                  Hex            ##......     13%         3    ###....
 Tukima's Dance           Hex            ##......     13%         3    ###....
 Ensorcelled Hibernation  Hex/Ice        #.....       14%         2    ##.....
 Dazzling Spray           Conj/Hex       #.....       26%         3    ###....


Dungeon Overview and Level Annotations

Branches:
Dungeon (1/15)

Altars:


Innate Abilities, Weirdness & Mutations

You are very small and have problems with some larger weapons.
You are too small for most types of armour.
You have supernaturally acute eyesight. (SInv)
You are a herbivore.
You cover ground extremely quickly.
You need to consume almost no food.


Message History

You closely miss the jackal. The jackal completely misses you.
You hit the jackal but do no damage. The jackal bites you.
* * * LOW HITPOINT WARNING * * *
You hit the jackal.
The jackal is severely wounded.
The jackal completely misses you. x2
You hit the jackal.
You kill the jackal!
You hit the jackal but do no damage.
The jackal is almost dead.
The jackal barely misses you.
You hit the jackal but do no damage.
The jackal is almost dead.
The jackal closely misses you. x2
You hit the jackal.
You kill the jackal!
You hit the jackal but do no damage. The jackal bites you.
* * * LOW HITPOINT WARNING * * *
The jackal bites you.
You die...

..####....#####...
.#####....### .#
#........###
.##..#....#...#####
....##....###.....#####..
.[.......................
#.##...##########.######
.####.... #####..##### .#
####..##.hh@........ ..
.........####...#### #.
......%....# ##....
......####...# #..#
h..... ##... .... h....
.. ... ..... # .. )...
....


You could see 2 jackals.

Vanquished Creatures
  2 jackals (D:1)
  A rat (D:1)
3 creatures vanquished.

Notes
Turn   | Place    | Note
-------+----------+-------------------------------------------
     0 | D:1      | Kohma the Spriggan Enchanter began the quest for the Orb.
     0 | D:1      | Reached XP level 1. HP: 9/9 MP: 5/5
    87 | D:1      | Slain by a jackal

Levels and vault maps discovered:
D:1:      tarquinn_simple_flora_water_f, layout_rooms

Action                   || total
-------------------------++-------
Melee: Dagger            ||    21
Armor: Robe              ||     2
Dodge: Dodged            ||    14

Table legend:
 A = Non-vault XP
 B = Vault XP
 C = Vault XP percentage of total XP
 D = Non-vault monster count
 E = Vault monster count
 F = Vault count percentage of total count
                 A         B        C        D         E       F
            +---------+---------+-------+---------+---------+-------
      Total |       5 |       0 |   0.0 |       3 |       0 |   0.0
            +---------+---------+-------+---------+---------+-------
        D:1 |       5 |       0 |   0.0 |       3 |       0 |   0.0
            +---------+---------+-------+---------+---------+-------
